 Dungeon Crawl Stone Soup version 0.27.0-1-g7a089689b8 (webtiles) character file.

Game seed: 14188062620847186633

78 Malachi the Skirmisher (level 4, 0/29 HPs)
             Began as a Kobold Abyssal Knight on Aug 15, 2021.
             Was a Follower of Lugonu.
             Slain by a water moccasin skeleton (4 damage)
             ... on level 2 of the Dungeon.
             The game lasted 00:02:58 (2699 turns).

Malachi the Skirmisher (Kobold Abyssal Knight)      Turns: 2699, Time: 00:02:58

Health: 0/29       AC:  3    Str:  9    XL:     4   Next: 61%
Magic:  5/5        EV: 14    Int: 14    God:    Lugonu [*.....]
Gold:   125        SH:  0    Dex: 14    Spells: 3/3 levels left

rFire    . . .     SeeInvis .   a - +1 short sword
rCold    . . .     Faith    .   (shield restricted)
rNeg     . . .     Spirit   .   b - +0 leather armour
rPois    .         Reflect  .   (no helmet)
rElec    .         Harm     .   (no cloak)
rCorr    .         Rampage  .   (no gloves)
Will     .....                  (no boots)
Stlth    +++.......             (no amulet)
HPRegen  0.09/turn              (no ring)
MPRegen  0.09/turn              (no ring)

@: no status effects
A: small, no large weapons, nightstalker 3
a: Renounce Religion, Depart the Abyss


You were on level 2 of the Dungeon.
You worshipped Lugonu.
Lugonu was aware of your devotion.
You visited 1 branch of the dungeon, and saw 2 of its levels.
You visited the Abyss 1 time.

You collected 125 gold pieces.

Inventory:

Hand Weapons
 a - a +1 short sword (weapon)
 k - a +0 dagger of venom
Armour
 b - a +0 leather armour (worn)
 h - a +0 kite shield
Scrolls
 f - a scroll of enchant weapon {unknown}
 i - a scroll of summoning {unknown}
 m - a scroll of brand weapon {unknown}
Potions
 d - a potion of lignification {unknown}
 e - a potion of curing {unknown}
 g - a potion of attraction {unknown}
 j - a potion of magic {unknown}
 l - a potion of flight {unknown}


   Skills:
 + Level 3.9 Fighting
 + Level 3.4 Short Blades
 + Level 1.3 Armour
 + Level 2.6 Dodging
 * Level 3.2 Stealth
 + Level 2.0 Invocations


You had 3 spell levels left.
You didn't know any spells.
Your spell library contained the following spells:

 Spells                   Type           Power      Damage    Failure   Level
 Blink                    Tloc           N/A        N/A       52%         2
 Lesser Beckoning         Tloc           0%         N/A       75%         3
 Fireball                 Conj/Fire      0%         3d3       100%        5
 Manifold Assault         Tloc           0%         N/A       100%        5
 Starburst                Conj/Fire      0%         8x6d3     100%        6
 Ignition                 Fire           0%         3d3       100%        8


Dungeon Overview and Level Annotations

Branches:
Dungeon (2/15)

Altars:


Innate Abilities, Weirdness & Mutations

You are small and have problems with some larger weapons.
You are completely attuned to the shadows.


Message History

You hit the water moccasin skeleton.
The water moccasin skeleton is moderately damaged.
The water moccasin skeleton completely misses you.
You barely miss the water moccasin skeleton.
The water moccasin skeleton is moderately damaged.
The water moccasin skeleton bites you.
You hit the water moccasin skeleton.
The water moccasin skeleton is moderately damaged.
The water moccasin skeleton barely misses you.
You hit the water moccasin skeleton.
The water moccasin skeleton is moderately damaged.
The water moccasin skeleton closely misses you.
You hit the water moccasin skeleton.
The water moccasin skeleton is heavily damaged.
The water moccasin skeleton closely misses you.
You hit the water moccasin skeleton.
The water moccasin skeleton is severely damaged.
The water moccasin skeleton bites you.
You hit the water moccasin skeleton.
The water moccasin skeleton is almost destroyed.
The water moccasin skeleton bites you.
You are too injured to fight recklessly!
You are too injured to fight recklessly!
You are too injured to fight recklessly!
You are too injured to fight recklessly!
You barely miss the water moccasin skeleton.
The water moccasin skeleton is almost destroyed.
The water moccasin skeleton bites you.
* * * LOW HITPOINT WARNING * * *
The water moccasin skeleton closely misses you.
You barely miss the water moccasin skeleton.
The water moccasin skeleton is almost destroyed.
The water moccasin skeleton bites you.
* * * LOW HITPOINT WARNING * * *
Okay, then.
The water moccasin skeleton closely misses you.
The water moccasin skeleton bites you.
* * * LOW HITPOINT WARNING * * *
The water moccasin skeleton bites you.
You die...

#..###.# #.# #.##
#..###.# #.# #.#
#...##.# #.# #[#
#>#.##.# #.# #.#
#.#.##.# #.# #.#
#(#.##.# #.# #.#
#.#.##.#
#.#######.#
#.##.####>........#
#.....Z@...########
####.####.## #.#
#.# #.# #.# #
#.####.# # #...# #
#.################
#.................
##..###############


You could see a water moccasin skeleton.

Vanquished Creatures
  Natasha (twice) (D:2)
  A dart slug (D:1)
  A bat (D:1)
  3 endoplasms (D:2)
  A giant cockroach (D:2)
  3 goblins
  2 hobgoblins
  3 kobolds
  3 quokkas (D:2)
  2 ball pythons (D:2)
  3 rats (D:1)
  A spectral hobgoblin (D:1)
25 creatures vanquished.

Vanquished Creatures (others)
  10 plants (D:2)
10 creatures vanquished.

Grand Total: 35 creatures vanquished

Notes
Turn   | Place    | Note
-------+----------+-------------------------------------------
     0 | Abyss:1  | Malachi the Kobold Abyssal Knight began the quest for the
                  | Orb.
     0 | Abyss:1  | Reached XP level 1. HP: 14/14 MP: 2/2
    46 | Abyss:2  | Noticed a wight
    51 | Abyss:2  | Noticed a deep elf elementalist
    69 | Abyss:2  | Noticed a golden eye
    94 | Abyss:2  | Noticed a smoke demon
   129 | Abyss:2  | Noticed a purple draconian annihilator
   132 | D:1      | Escaped the Abyss
   559 | D:1      | Found a faded altar of an unknown god.
   757 | D:1      | Reached * piety under Lugonu
   776 | D:1      | Reached XP level 2. HP: 19/19 MP: 3/3
  1509 | D:2      | Reached skill level 1 in Armour
  1960 | D:2      | Reached XP level 3. HP: 23/24 MP: 4/4
  2069 | D:2      | Reached skill level 1 in Stealth
  2187 | D:2      | Noticed Natasha
  2202 | D:2      | Killed Natasha
  2203 | D:2      | Reached XP level 4. HP: 5/29 MP: 5/5
  2630 | D:2      | Noticed Natasha
  2638 | D:2      | Killed Natasha
  2699 | D:2      | Slain by a water moccasin skeleton

Illustrated notes

Levels and vault maps discovered:
D:1:      minmay_arrival_diagonal_passages, layout_loops_ring,
          dreamdust_ecumenical_altar_drowned_temple
D:2:      layout_loops_ring, serial_bayou, serial_bayou_crossing,
          serial_bayou_pond_e, serial_bayou_ford_a, serial_bayou_shore_b,
          fountainhead, hangedman_decor_opposing, uniq_natasha

Skill      XL: |  1  2  3  4 |
---------------+-------------+-----
Short Blades   | 3 |  3.4
Armour         | 1 |  1.3
Stealth        | 2 3 |  3.2
Fighting       | |  3.9
Dodging        | |  2.6
Invocations    | |  2.0

Action                   |  1- 3 |  4- 6 || total
-------------------------+-------+-------++-------
Melee: Short sword       |    56 |    11 ||    67
       Dagger            |    34 |     9 ||    43
Invok: Depart the Abyss  |     1 |       ||     1
  Use: Scroll            |     2 |       ||     2
       Potion            |     1 |       ||     1
 Stab: Sleeping          |     8 |     1 ||     9
Armor: Leather armour    |    14 |       ||    14
Dodge: Dodged            |    57 |    14 ||    71
Block: Kite shield       |     4 |       ||     4
